[Event "*** Titled Tuesday Blitz"]
[Site "Chess.com"]
[Date "2020.05.05"]
[Round "4"]
[White "Nellichka"]
[Black "TheoSlade"]
[Result "1/2-1/2"]
[WhiteElo "2077"]
[BlackElo "2257"]
[TimeControl "180+1"]
[EndTime "10:40:38 PDT"]
[Termination "Game drawn by repetition"]

1. d4 Nf6 2. c4 e6 3. Nc3 Bb4 4. e3 O-O 5. Ne2 c6 6. a3 Ba5 7. b4 Bc7 8. Ng3 d5 9. c5 Nbd7 10. f4 b6 11. Bd3 a5 12. Bd2 Ba6 13. Bxa6 Rxa6 14. O-O axb4 15. axb4 Qa8 16. Rxa6 Qxa6 17. Qe2 Qxe2 18. Ngxe2 bxc5 19. dxc5 Rb8 20. Na4 Ne4 21. Be1 Ra8 22. Nac3 Nxc3 23. Nxc3 e5 24. fxe5 Bxe5 25. b5 Bxc3 26. Bxc3 cxb5 27. c6 Nb6 28.
Rb1 Rc8 29. Rxb5 Rxc6 30. Bd4 Nd7 31. Rxd5 Nf8 32. Rd8 f6 33. Kf2 Kf7 34. Kf3 Ne6 35. Rd7+ Ke8 36. Ra7 Nxd4+ 37. exd4 Rc3+ 38. Ke4 Kf8 39. Ra8+ Ke7 40. Ra7+ Kf8 41. Ra8+ Ke7 42. Ra7+ Kf8 1/2-1/2

[Event "*** Titled Tuesday Blitz"]
[Site "Chess.com"]
[Date "2020.05.05"]
[Round "4"]
[White "Fighter008"]
[Black "SGchess01"]
[Result "0-1"]
[WhiteElo "2544"]
[BlackElo "2803"]
[TimeControl "180+1"]
[EndTime "10:40:39 PDT"]
[Termination "SGchess01 won by resignation"]

1. e4 Nf6 2. d3 d6 3. Nf3 g6 4. g3 Bg7 5. Bg2 O-O 6. O-O c5 7. Nc3 Nc6 8. h3 Rb8 9. a4 a6 10. Be3 b5 11. axb5 axb5 12. Qd2 b4 13. Nd1 e5 14.
Ne1 Bb7 15. f4 exf4 16. gxf4 Nh5 17. Qf2 f5 18. exf5 Rxf5 19. Be4 Rf8 20. Qg2 Qd7 21. c3 bxc3 22. bxc3 Ne7 23. Bxb7 Rxb7 24. Qg4 Nf5 25.
Ng2 Re8 26. Bd2 Qc6 27. Nf2 Rb2 28. Rad1 Nhg3 29. Rfe1 Rxe1+ 30. Nxe1 Qe8 31. Ng2 Ne2+ 32. Kh2 Nxc3 33. Bxc3 Bxc3 34. Qf3 Bd4 35. Ne4 Nh4 36. Qg4 Rxg2+ 37. Qxg2 Nxg2 38. Kxg2 d5 39. Ng3 Qa4 40. Re1 Qc2+ 41. Re2 Qxd3 42. Re8+ Kf7 0-1

[Event "*** Titled Tuesday Blitz"]
[Site "Chess.com"]
[Date "2020.05.05"]
[Round "4"]
[White "Sjakkerntobi"]
[Black "bakki78"]
[Result "0-1"]
[WhiteElo "2249"]
[BlackElo "2729"]
[TimeControl "180+1"]
[EndTime "10:40:39 PDT"]
[Termination "bakki78 won on time"]

1. e4 c5 2. Nf3 Nc6 3. d4 cxd4 4.
Nxd4 Nf6 5. Nc3 d6 6. Be2 e5 7.
Nb3 Be7 8. g4 O-O 9. g5 Nd7 10. h4 a5 11. a4 Nb4 12. Be3 b6 13. Bc4 Qc7 14. Nd2 Ba6 15. Bb3 Nc5 16. Bxc5 dxc5 17. Nd5 Nxd5 18. Bxd5 Rad8 19. g6 Rxd5 20. gxh7+ Kh8 21. exd5 e4 22. Qg4 f5 23. Qg6 Qe5 24. O-O-O Bf6 25. c3 b5 26. h5 b4 27. Nb1 Bd3 28. Rh3 bxc3 29. Nxc3 Qf4+ 30. Re3 Qxf2 31. Ree1 Rb8 32. Rd2 Qxe1+ 33. Nd1 Qh4 34. d6 Qg5 35.
Qf7 Kxh7 36. h6 Qxh6 37. d7 Rd8 0-1

[Event "*** Titled Tuesday Blitz"]
[Site "Chess.com"]
[Date "2020.05.05"]
[Round "4"]
[White "PlotnikovPavel"]
[Black "SahajGrover"]
[Result "0-1"]
[WhiteElo "2490"]
[BlackElo "2721"]
[TimeControl "180+1"]
[EndTime "10:40:39 PDT"]
[Termination "SahajGrover won by resignation"]

1. e4 c5 2. c3 Nf6 3. e5 Nd5 4. d4 cxd4 5. Qxd4 e6 6. Bd3 Nc6 7. Qe4 f5 8. Qe2 b5 9. Bxb5 Qb6 10. Bc4 Bc5 11. Nf3 O-O 12. b4 Be7 13. a4 Kh8 14. b5 Na5 15. Bxd5 exd5 16. Be3 Qg6 17. O-O d6 18. Bd4 f4 19. exd6 Bh3 20. Ne1 Bxg2 21.
Bxg7+ Qxg7 22. Qxe7 Rf7 23. Qxf7 Qxf7 24. Kxg2 Rg8+ 25. Kh1 Nc4 26. Na3 Nd2 27. Ng2 Qg6 28.
Rg1 Nf3 29. Nxf4 Qxg1+ 0-1

[Event "*** Titled Tuesday Blitz"]
[Site "Chess.com"]
[Date "2020.05.05"]
[Round "4"]
[White "Duhless"]
[Black "MihailNik"]
[Result "1-0"]
[WhiteElo "3085"]
[BlackElo "2722"]
[TimeControl "180+1"]
[EndTime "10:40:40 PDT"]
[Termination "Duhless won on time"]

1. d4 d5 2. c4 c6 3. Nf3 Nf6 4.
Nc3 dxc4 5. a4 Bf5 6. Ne5 Na6 7. e4 Nxe4 8. Bxc4 e6 9. O-O Nc7 10. Qf3 Nd6 11. Bb3 Be7 12. Bf4 Nd5 13. Bg3 O-O 14.
Rfe1 Re8 15. a5 Rc8 16. Nxd5 cxd5 17. Ba4 Rf8 18. Nd7 Re8 19. Nc5 Rf8 20. Nd7 Re8 21. Ne5 Rf8 22. Qb3 Bc2 23. Qa2 Bxa4 24. Qxa4 Nf5 25.
Rac1 Bg5 26. f4 Be7 27. a6 bxa6 28. Bf2 Qd6 29. Rc6 Rxc6 30. Nxc6 Bf6 31. g3 h5 32.
Qxa6 h4 33. Rc1 hxg3 34. hxg3 g5 35. fxg5 Bxg5 36. Rc3 Kh7 37. Qxa7 Bh6 38. Kf1 Kg7 39. g4 Rc8 40. Ne5 1-0

[Event "*** Titled Tuesday Blitz"]
[Site "Chess.com"]
[Date "2020.05.05"]
[Round "4"]
[White "eljanov"]
[Black "Gabrielian_Artur"]
[Result "1-0"]
[WhiteElo "2946"]
[BlackElo "2707"]
[TimeControl "180+1"]
[EndTime "10:40:41 PDT"]
[Termination "eljanov won by resignation"]

1. Nf3 Nf6 2. g3 g6 3. Bg2 Bg7 4. O-O O-O 5. c4 d6 6. d4 Nbd7 7. Nc3 e5 8. e4 exd4 9. Nxd4 Re8 10. Re1 Nc5 11. Bf4 h6 12. h3 Nh7 13. Kh2 Ng5 14. h4 Nge6 15. Be3 Bd7 16. Qd2 Kh7 17. b4 Nxd4 18.
Bxd4 Bxd4 19. Qxd4 Ne6 20. Qd2 a5 21. a3 axb4 22.
axb4 Rxa1 23. Rxa1 Qf6 24. Ra7 Nd4 25. Rxb7 Nf3+ 26.
Bxf3 Qxf3 27. Qe3 Qxe3 28. fxe3 Rc8 29. Nd5 Bc6 30. Rxc7 Rxc7 31. Nxc7 Kg7 32. e5 dxe5 33. b5 Be4 34. Ne8+ Kf8 35. Nd6 Ba8 36. b6 Ke7 37. b7 Bxb7 38. Nxb7 Kd7 39. Nc5+ Kc6 40. Nd3 f6 41. e4 h5 42. Kg2 1-0

[Event "*** Titled Tuesday Blitz"]
[Site "Chess.com"]
[Date "2020.05.05"]
[Round "4"]
[White "GukeshDommaraju"]
[Black "Stormeman100100"]
[Result "1-0"]
[WhiteElo "2801"]
[BlackElo "2536"]
[TimeControl "180+1"]
[EndTime "10:40:41 PDT"]
[Termination "GukeshDommaraju won by checkmate"]

1. e4 c5 2. Nf3 d6 3. d4 cxd4 4. Nxd4 Nf6 5. Nc3 a6 6. Be2 e6 7.
O-O Be7 8. a4 O-O 9. Be3 Qc7 10. f4 Nc6 11. Kh1 Re8 12. Bf3 Bd7 13. g4 Nxd4 14. Bxd4 Bc6 15. g5 Nd7 16. Bg2 e5 17. Be3 exf4 18. Bxf4 Ne5 19. Nd5 Bxd5 20. Qxd5 Bf8 21. Ra3 Qe7 22. Bxe5 dxe5 23. Raf3 Rad8 24.
Qb3 Qe6 25. Qxb7 Re7 26. Qb4 Rc7 27. Qa5 Qd6 28. c3 Rb8 29. b4 Qe7 30. Qd5 Rbb7 31. Bh3 g6 32. Rxf7 Qxf7 33. Be6 Qxe6 34. Qxe6+ Kg7 35.
Qf6+ Kg8 36. Qxf8# 1-0

[Event "*** Titled Tuesday Blitz"]
[Site "Chess.com"]
[Date "2020.05.05"]
[Round "4"]
[White "ajkom197"]
[Black "enriquetejedor"]
[Result "1-0"]
[WhiteElo "2314"]
[BlackElo "2467"]
[TimeControl "180+1"]
[EndTime "10:40:41 PDT"]
[Termination "ajkom197 won on time"]

1. c4 c6 2. e4 d5 3. exd5 cxd5 4.
cxd5 Nf6 5. Nc3 Nxd5 6. Nf3 e6 7. d4 Be7 8. Bd3 O-O 9. O-O Nc6 10. a3 b6 11. Nxd5 Qxd5 12. Qc2 Nxd4 13. Nxd4 Qxd4 14.
Bxh7+ Kh8 15. Be3 Qh4 16. Be4 Rb8 17. g3 Qf6 18. Rfd1 Bb7 19. Bxb7 Rxb7 20. Qe4 Rc7 21. Bd4 Qf5 22. Qxf5 exf5 23. Bc3 f6 24. Rd5 g6 25.
Rad1 Rf7 26. Rd7 Bf8 27. Bxf6+ Kg8 28. Rxc7 Rxc7 29. Be5 Rc2 30. b4 a5 31. Rd8 Kf7 32. Bd4 Ra2 33. Bxb6 axb4 34. axb4 Bxb4 35. Kg2 Be7 36.
Rd7 Ke6 37. Rd3 Ra6 38. Be3 Kf7 39. h4 Rc6 40. Rb3 Rc7 41. Kf3 Rd7 42. Rb6 Bd8 43.
Rb5 Bc7 44. h5 gxh5 45. Rxf5+ Kg6 46. Rg5+ 1-0

[Event "*** Titled Tuesday Blitz"]
[Site "Chess.com"]
[Date "2020.05.05"]
[Round "4"]
[White "GMNeiksans"]
[Black "Gergo85"]
[Result "0-1"]
[WhiteElo "2766"]
[BlackElo "2550"]
[TimeControl "180+1"]
[EndTime "10:40:42 PDT"]
[Termination "Gergo85 won on time"]

1. e4 c6 2. d4 d5 3. exd5 cxd5 4. Bd3 Nc6 5. c3 Qc7 6. Ne2 Bg4 7. O-O e6 8. Qe1 Nf6 9. Bg5 Bh5 10. Nf4 Bg6 11. Nxg6 hxg6 12. g3 Be7 13. Qe2 Rh5 14. Bf4 Bd6 15.
Bxd6 Qxd6 16. Nd2 O-O-O 17. f4 Rdh8 18. Nf3 Ng4 19. h4 Nf6 20. Ne5 Qc7 21. Kg2 Ne8 22.
Nxg6 fxg6 23. Qxe6+ Kb8 24. Bxg6 R5h6 25. Rae1 Nf6 26.
Qf5 Ne7 27. Rxe7 Qxe7 28. Rf2 Qe4+ 29. Qxe4 Nxe4 30. Bxe4 dxe4 31. Re2 Re8 32. Kh3 Kc7 33. Re3 Kd6 34. Kg4 Kd5 35. b3 b5 36. a3 Rc6 0-1

[Event "*** Titled Tuesday Blitz"]
[Site "Chess.com"]
[Date "2020.05.05"]
[Round "4"]
[White "Herracek"]
[Black "Apocalyps999"]
[Result "1-0"]
[WhiteElo "2596"]
[BlackElo "2395"]
[TimeControl "180+1"]
[EndTime "10:40:42 PDT"]
[Termination "Herracek won on time"]

1. c4 c6 2. Nc3 d5 3. d4 Nf6 4. cxd5 cxd5 5. Bf4 Nc6 6. e3 a6 7. Rc1 Bg4 8. f3 Bh5 9. g4 Bg6 10. h4 h5 11. g5 Nd7 12. Nxd5 Qa5+ 13. Nc3 e5 14.
dxe5 Ndxe5 15. Qd5 Bb4 16. Qxa5 Bxa5 17. a3 O-O 18. b4 Bb6 19. Nd5 Ba7 20. Kf2 Rfd8 21. Rd1 Rd7 22. Bh3 Rdd8 23. Bxe5 Nxe5 24. Ne7+ Kf8 25.
Nxg6+ fxg6 26. Rxd8+ Rxd8 27. f4 Nc4 28. Nf3 Nxe3 29.
Ne5 Rd2+ 30. Kf3 Ra2 31. Nxg6+ Ke8 32. Re1 Rxa3 33. f5 Kf7 34. Ne5+ Kf8 35. Ke4 Nc2 36. Rd1 1-0

[Event "*** Titled Tuesday Blitz"]
[Site "Chess.com"]
[Date "2020.05.05"]
[Round "4"]
[White "MarcoCorvi"]
[Black "cukus"]
[Result "0-1"]
[WhiteElo "2236"]
[BlackElo "2508"]
[TimeControl "180+1"]
[EndTime "10:40:42 PDT"]
[Termination "cukus won by resignation"]

1. e4 c6 2. d4 d5 3. Nd2 dxe4 4. Nxe4 Nf6 5. Nxf6+ exf6 6. c3 Bd6 7. Bd3 O-O 8. Nf3 Re8+ 9. Be3 Bg4 10. h3 Bh5 11. O-O Na6 12. Re1 Nc7 13. Be2 Nd5 14. Qd2 Nxe3 15.
fxe3 Bg3 16. Rf1 Qe7 17. Nh2 Bxe2 18. Qxe2 Qxe3+ 19. Qxe3 Rxe3 20. Rf3 Bxh2+ 21. Kxh2 Rxf3 22. gxf3 Re8 23. Kg3 Re2 24. Rb1 Kf8 25. a4 Ke7 26. b4 Rc2 27. Rb3 Kd6 28. b5 c5 29. dxc5+ Kxc5 30. a5 b6 31. axb6 axb6 32. h4 Rd2 33. Rb4 Rd3 34.
Rg4 g6 35. h5 Rxc3 36. h6 f5 37. Ra4 Rc1 38. Ra7 Rh1 39. Rxf7 Rxh6 40. Kf4 Kxb5 41. Kg5 Rh1 42. f4 Rh5+ 43. Kf6 Kc4 44.
Ke5 b5 45. Rc7+ Kb3 0-1

[Event "*** Titled Tuesday Blitz"]
[Site "Chess.com"]
[Date "2020.05.05"]
[Round "4"]
[White "ChessFunMaker"]
[Black "Raja3401"]
[Result "0-1"]
[WhiteElo "2356"]
[BlackElo "2704"]
[TimeControl "180+1"]
[EndTime "10:40:42 PDT"]
[Termination "Raja3401 won by checkmate"]

1. c4 e5 2. g3 Nf6 3. Bg2 Nc6 4. Nc3 Bc5 5. e3 O-O 6. Nge2 d5 7. cxd5 Nb4 8. d4 exd4 9. exd4 Bb6 10. Bg5 h6 11. Bxf6 Qxf6 12. O-O Bg4 13. a3 Na6 14. Ne4 Qe7 15.
Re1 Rad8 16. Qb3 Rfe8 17. h3 Bh5 18. Nf4 Bg6 19. d6 Qxe4 20. Bxe4 Bxe4 21. d7 Rxd7 22.
f3 Rxd4 23. Kh1 Nc5 24. Qb5 Bxf3+ 25. Kg1 Rxe1+ 26. Rxe1 Ne4 27. Qe8+ Kh7 28. Kh2 Rd2+ 29. Re2 Rd1 30. Qxe4+ Bxe4 31. Rxe4 Rd2+ 32. Ng2 f5 33. Re7 Kg6 34. h4 Rxb2 35. Kh3 Kf6 36. Rd7 g5 37. hxg5+ hxg5 38. g4 f4 39. Rd8 Ke7 40. Rg8 f3 41. Ne1 f2 42. Rxg5 f1=Q+ 43. Kg3 Qf2+ 44. Kh3 Qh2# 0-1

[Event "*** Titled Tuesday Blitz"]
[Site "Chess.com"]
[Date "2020.05.05"]
[Round "4"]
[White "Katheksis"]
[Black "politeplayer"]
[Result "0-1"]
[WhiteElo "2412"]
[BlackElo "2212"]
[TimeControl "180+1"]
[EndTime "10:40:42 PDT"]
[Termination "politeplayer won by checkmate"]

1. d4 Nf6 2. c4 c5 3. d5 e6 4.
Nc3 exd5 5. cxd5 d6 6. Bf4 g6 7.
e3 a6 8. a4 Bg7 9. h3 O-O 10.
Nf3 Ne8 11. Be2 Nd7 12. O-O Ne5 13. Nxe5 dxe5 14. Bh2 Nd6 15. e4 f5 16. f3 Qh4 17.
Qe1 Qh6 18. Kh1 f4 19. Qf2 b6 20. a5 Bf6 21. axb6 Nb7 22. Rfc1 Bh4 23. Qf1 Bg3 24. Rxa6 Rxa6 25. Bxa6 Qh4 26. Ne2 g5 27. Bxb7 Bxb7 28. Bxg3 fxg3 29. Ng1 g4 30. Qe2 Qh6 31. Rxc5 Ra8 32.
fxg4 Ra1 33. Rc7 Ba6 34. Qf1 Rxf1 35. b7 Rxg1+ 36. Kxg1 Qe3+ 37. Kh1 Qe1# 0-1

[Event "*** Titled Tuesday Blitz"]
[Site "Chess.com"]
[Date "2020.05.05"]
[Round "4"]
[White "levallem"]
[Black "Antelacus"]
[Result "1-0"]
[WhiteElo "2131"]
[BlackElo "2281"]
[TimeControl "180+1"]
[EndTime "10:40:42 PDT"]
[Termination "levallem won by checkmate"]

1. d4 Nf6 2. c4 e6 3. Nc3 Bb4 4. e3 O-O 5. Bd2 d5 6. Bd3 c5 7. Nge2 Nc6 8. a3 dxc4 9. Bxc4 cxd4 10. axb4 dxc3 11. Bxc3 Qb6 12. b5 Ne7 13. O-O Ned5 14.
Bd4 Qc7 15. Qb3 Nb6 16. Rfc1 Nxc4 17. Rxc4 Qd8 18. Rxa7 Rxa7 19. Bxa7 Nd5 20. e4 Nb6 21. Rd4 Qc7 22. Qc3 Qxc3 23. bxc3 Nd7 24. c4 Ne5 25. f4 Ng4 26. h3 Ne3 27. Kf2 Nc2 28. Rd2 Na1 29. Nc1 e5 30. f5 g6 31. g4 gxf5 32. gxf5 Kg7 33. Ra2 Kf6 34. Rxa1 Kg5 35. Be3+ Kh4 36.
Nd3 Kxh3 37. Rh1+ Kg4 38. Rxh7 f6 39. Rg7+ Kh5 40. Rg6 Bd7 41. Kf3 Be8 42. Rh6# 1-0

[Event "*** Titled Tuesday Blitz"]
[Site "Chess.com"]
[Date "2020.05.05"]
[Round "4"]
[White "Mikhail_Biryukov"]
[Black "Antipov_Mikhail_Al"]
[Result "1-0"]
[WhiteElo "2694"]
[BlackElo "2859"]
[TimeControl "180+1"]
[EndTime "10:40:43 PDT"]
[Termination "Mikhail_Biryukov won by resignation"]

1. e4 e5 2. Nf3 Nc6 3. d4 exd4 4. Nxd4 Nf6 5. Nc3 Bb4 6. Nxc6 bxc6 7. Bd3 d5 8. exd5 cxd5 9. O-O O-O 10. Bg5 c6 11. Na4 h6 12. Bh4 Be7 13. c4 Be6 14. Qc2 Rc8 15. Rad1 Qa5 16. Rfe1 Rfe8 17. b3 Rcd8 18.
cxd5 Bxd5 19. f3 Bb4 20. Rxe8+ Rxe8 21. Bxf6 gxf6 22. Bc4 Bd6 23. Qd2 Qxd2 24. Rxd2 Bf4 25. Rc2 Re1+ 26. Kf2 Rh1 27. h3 h5 28. Nc3 Bxc4 29.
bxc4 h4 30. Ne2 Bc7 31. f4 Rd1 32. a3 f5 33. Ke3 Bb6+ 34. c5 Bc7 35. Rd2 Re1 36.
Rd7 Bxf4+ 37. Kf2 Bg3+ 38. Nxg3 hxg3+ 39. Kxe1 1-0

[Event "*** Titled Tuesday Blitz"]
[Site "Chess.com"]
[Date "2020.05.05"]
[Round "4"]
[White "Karina_Ivanova"]
[Black "witcher8"]
[Result "1-0"]
[WhiteElo "2172"]
[BlackElo "2467"]
[TimeControl "180+1"]
[EndTime "10:40:43 PDT"]
[Termination "Karina_Ivanova won on time"]

1. Nf3 Nf6 2. g3 g6 3. Bg2 Bg7 4. O-O O-O 5. d4 d6 6. c4 Nc6 7. Nc3 a6 8. Qd3 e5 9. d5 Nb4 10. Qb1 a5 11. a3 Na6 12. b4 Bd7 13. Ne1 e4 14. Bd2 axb4 15. axb4 Re8 16. Ra3 Bf5 17. e3 h5 18. h4 c6 19. dxc6 bxc6 20. Nc2 c5 21. b5 Nc7 22. Rxa8 Qxa8 23. b6 Na6 24. Nb5 Qc6 25. Ba5 d5 26. cxd5 Nxd5 27. Rc1 Rd8 28. Ncd4 Qd7 29. Nxf5 gxf5 30. Nc7 Ndxc7 31. bxc7 Rc8 32.
Qb7 Nb4 33. Rxc5 Nd3 34. Rd5 Qe6 35. Qb8 Kh7 36. Qb7 1-0

[Event "*** Titled Tuesday Blitz"]
[Site "Chess.com"]
[Date "2020.05.05"]
[Round "4"]
[White "Zurability"]
[Black "LPSupi"]
[Result "0-1"]
[WhiteElo "2692"]
[BlackElo "2917"]
[TimeControl "180+1"]
[EndTime "10:40:44 PDT"]
[Termination "LPSupi won on time"]

1. Nf3 Nf6 2. d4 e6 3. c4 d5 4. Nc3 Be7 5. Bg5 h6 6. Bxf6 Bxf6 7.
e3 O-O 8. Qc2 Nc6 9. Rd1 a6 10. h4 g6 11. a3 Bg7 12. Bd3 dxc4 13. Bxc4 Qe7 14. d5 Ne5 15. Nxe5 Bxe5 16. Qe4 Qf6 17.
dxe6 Bxe6 18. Nd5 Bxd5 19. Rxd5 Bxb2 20. O-O Bxa3 21. h5 Rae8 22. Qd3 Bd6 23. hxg6 Kg7 24. gxf7 Rxf7 25. Rd4 Rfe7 26. Rg4+ Kh8 27. Qd5 Rg7 28. Qh5 Re5 29. Qh3 Reg5 30. Rxg5 Rxg5 31. g3 Kg7 32.
Qc8 Qe7 33. Qxb7 Bxg3 34. fxg3 Rxg3+ 0-1

[Event "*** Titled Tuesday Blitz"]
[Site "Chess.com"]
[Date "2020.05.05"]
[Round "4"]
[White "awesomevishesh"]
[Black "Thjop"]
[Result "0-1"]
[WhiteElo "2473"]
[BlackElo "2671"]
[TimeControl "180+1"]
[EndTime "10:40:44 PDT"]
[Termination "Thjop won on time"]

1. d4 Nf6 2. c4 g6 3. Nc3 Bg7 4. Nf3 O-O 5. g3 d6 6. Bg2 Nc6 7. O-O a6 8. b3 Rb8 9. d5 Na5 10. Bg5 h6 11. Bd2 Bd7 12. e4 c5 13.
Re1 b5 14. cxb5 axb5 15. e5 Ng4 16. e6 fxe6 17. dxe6 Bc6 18. h3 b4 19. Ne4 Nf6 20. Nxf6+ Rxf6 21. Rc1 Qb6 22. Nh2 Bxg2 23. Kxg2 Qb7+ 24.
Kg1 h5 25. Bg5 Rf5 26. Qd2 Rbf8 27. Be3 Nc6 28. g4 hxg4 29. hxg4 Re5 30. Bf4 Rxe1+ 31. Rxe1 Nd4 32. Qe3 Nc2 33. Qe4 Qxe4 34. Rxe4 Nd4 35.
Kg2 d5 0-1

[Event "*** Titled Tuesday Blitz"]
[Site "Chess.com"]
[Date "2020.05.05"]
[Round "4"]
[White "boasovietica"]
[Black "EvgenyRomanov"]
[Result "0-1"]
[WhiteElo "2465"]
[BlackElo "2649"]
[TimeControl "180+1"]
[EndTime "10:40:44 PDT"]
[Termination "EvgenyRomanov won by resignation"]

1. e4 e6 2. Qe2 d5 3. exd5 Qxd5 4. Nf3 Nf6 5. g3 c5 6. Bg2 Nc6 7. O-O Qd8 8. Nc3 Be7 9. d3 O-O 10. Bd2 Nd4 11. Nxd4 cxd4 12. Ne4 Nd5 13. c4 dxc3 14.
bxc3 Bd7 15. c4 Nc7 16. Bc3 Rc8 17. Rab1 b5 18. Rfd1 Qe8 19. h4 Bc6 20. Qg4 f6 21. cxb5 Bxb5 22. h5 h6 23. a4 Bxa4 24. Rdc1 Bd7 25.
Ba5 Nd5 26. Rxc8 Bxc8 27. Nc3 f5 28. Qc4 Nf6 29. Rb8 Bd6 30. Ra8 Qd7 31. Bc6 Qe7 32.
Bf3 Bd7 33. Rxa7 Rc8 34. Qxc8+ Bxc8 35. Rxe7 Bxe7 36. d4 Bd7 37. d5 e5 38. Bc7 e4 39.
Be2 Ne8 40. Be5 Bf6 41. Bf4 Bxc3 0-1

[Event "*** Titled Tuesday Blitz"]
[Site "Chess.com"]
[Date "2020.05.05"]
[Round "4"]
[White "Andrei_Belozerov"]
[Black "Gerasimenyuk_Miha"]
[Result "0-1"]
[WhiteElo "2574"]
[BlackElo "2362"]
[TimeControl "180+1"]
[EndTime "10:40:44 PDT"]
[Termination "Gerasimenyuk_Miha won by resignation"]

1. e4 c6 2. d4 d5 3. Nd2 dxe4 4.
Nxe4 Nf6 5. Nxf6+ gxf6 6. Nf3 h5 7. Be2 Nd7 8. O-O Nb6 9. c4 h4 10. Be3 Bg4 11. Nd2 Bxe2 12. Qxe2 Qd7 13. a4 Rg8 14. a5 Nc8 15. Ne4 Nd6 16. f3 Nxe4 17. fxe4 O-O-O 18. d5 a6 19. Rad1 Qg4 20. Qc2 h3 21. g3 e6 22. Bb6 Bd6 23. Bxd8 Bxg3 24. hxg3 Qxg3+ 25. Kh1 Qg2+ 26. Qxg2 hxg2+ 27. Kg1 gxf1=Q+ 28. Kxf1 Rxd8 29. Ke2 cxd5 30. cxd5 f5 31. exf5 Rxd5 32. Rc1+ Kd7 33. fxe6+ fxe6 34. b4 Rd4 35. b5 axb5 36. Rc5 b4 37. Rb5 Kc7 38. Ke3 Rd5 39. Rb6 e5 40. Rxb4 Rxa5 41. Ke4 Kb8 42. Rb1 Ka7 43. Kd3 Ra4 44.
Ke3 Ka6 45. Rb2 b5 46. Rb1 Ka5 47. Kd3 e4+ 48. Ke3 Rc4 49. Ra1+ Kb6 50. Rb1 b4 51. Rh1 Kb5 52. Rh8 b3 53. Rb8+ Ka4 54. Kd2 Ka3 0-1

[Event "*** Titled Tuesday Blitz"]
[Site "Chess.com"]
[Date "2020.05.05"]
[Round "4"]
[White "Rap_woyska"]
[Black "TST2014"]
[Result "0-1"]
[WhiteElo "2361"]
[BlackElo "2562"]
[TimeControl "180+1"]
[EndTime "10:40:44 PDT"]
[Termination "TST2014 won on time"]

1. c4 Nf6 2. Nf3 g6 3. g3 Bg7 4. Bg2 O-O 5. O-O d6 6. d4 c5 7. Nc3 cxd4 8. Nxd4 a6 9. b3 Qc7 10. Bb2 Nc6 11. Rc1 Nxd4 12. Qxd4 Be6 13. h3 Qd7 14. Nd5 Bxh3 15. Nb6 Qe6 16. Nxa8 Rxa8 17. Bxh3 Qxh3 18. Qh4 Qe6 19. Rfe1 Rc8 20. e4 Rc5 21. e5 dxe5 22. Bd4 Ra5 23. a4 Ng4 24. Bc3 Rc5 25. f3 Nh6 26. Qe4 Qb6 27. Kg2 Qxb3 28. a5 Rxc4 29. Qc2 Qb5 30. Qd2 Rc8 31. Ba1 Re8 0-1

[Event "*** Titled Tuesday Blitz"]
[Site "Chess.com"]
[Date "2020.05.05"]
[Round "4"]
[White "NemtsevIgor"]
[Black "korbul"]
[Result "0-1"]
[WhiteElo "2331"]
[BlackElo "2557"]
[TimeControl "180+1"]
[EndTime "10:40:44 PDT"]
[Termination "korbul won on time"]

1. d4 Nf6 2. Bf4 d6 3. Nf3 c6 4. e3 Nbd7 5. Be2 g6 6. O-O Bg7 7. c4 O-O 8. Nc3 Qe8 9. h3 e5 10. Bh2 a5 11. c5 e4 12. Nd2 dxc5 13. dxc5 Nxc5 14. Bd6 Ne6 15. Bxf8 Nxf8 16. Qc2 Bf5 17.
g4 Bd7 18. Ndxe4 h5 19. Nxf6+ Bxf6 20. Ne4 Be5 21. f4 Bg7 22. f5 hxg4 23. fxg6 Nxg6 24.
Bxg4 Bxg4 25. hxg4 Qe6 26. g5 Re8 27. Nf6+ Bxf6 28.
gxf6 Qxe3+ 29. Qf2 Qg5+ 30. Qg2 Qc5+ 31. Kh1 Re5 32. Rf3 Qc4 33. Rd1 Rh5+ 34. Rh3 Rxh3+ 35. Qxh3 Qe4+ 36. Qg2 Qh4+ 37. Qh2 Qxf6 38. Rg1 Kg7 39. Qg2 a4 40. a3 Qe5 41. Qh2 Qe4+ 42. Qg2 Qd3 43. Qf2 Qe4+ 44. Qg2 Qe5 45. Qf2 b5 46. Rf1 Qd5+ 47. Qf3 Qe6 48. Qf5 Qe7 49. Qf3 c5 50. Kg1 b4 51. axb4 cxb4 52. Qf5 a3 53. bxa3 bxa3 54.
Qd3 Qc5+ 55. Kh1 a2 56. Qf3 Qa7 57. Qf6+ Kg8 58. Qd8+ Kh7 59. Qe8 Qb7+ 60. Kh2 Qb2+ 61. Kh3 Qd4 62. Rxf7+ Kh6 63. Rf5 a1=Q 0-1

[Event "*** Titled Tuesday Blitz"]
[Site "Chess.com"]
[Date "2020.05.05"]
[Round "4"]
[White "francyIM"]
[Black "BillieKimbah"]
[Result "0-1"]
[WhiteElo "2646"]
[BlackElo "2865"]
[TimeControl "180+1"]
[EndTime "10:40:45 PDT"]
[Termination "BillieKimbah won by resignation"]

1. d4 Nf6 2. c4 g6 3. g3 Bg7 4. Bg2 O-O 5. Nc3 d6 6. Nf3 c5 7. O-O Nc6 8. dxc5 dxc5 9. Bf4 Nh5 10. Be3 b6 11. Qa4 Bb7 12. Rfd1 Qc8 13. Ng5 h6 14. Nge4 f5 15. Nd2 f4 16. gxf4 Nxf4 17. Bxf4 Rxf4 18.
Nd5 Rg4 19. Ne3 Nd4 20. f3 Rg5 21. Kf2 Qe6 22. Ndf1 Rf8 23. Qxa7 Ba8 24. Rd2 Re5 25. Qa3 h5 26. Rc1 Bh6 27. Rc3 g5 28. h3 g4 29.
hxg4 hxg4 30. Ke1 gxf3 31. exf3 Bxf3 32. Rf2 Kh8 33. Bxf3 Nxf3+ 34. Kd1 Rd8+ 35. Kc1 Ng5 36. Rd3 Rg8 37. Rd5 Ne4 38. Rxe5 Qxe5 39. Rh2 Rg6 40. Qd3 Kg7 41. Qd5 Bxe3+ 42. Nxe3 Qxh2 43. Nf5+ Kf6 0-1

[Event "*** Titled Tuesday Blitz"]
[Site "Chess.com"]
[Date "2020.05.05"]
[Round "4"]
[White "wanyaland"]
[Black "MightyGMpretender"]
[Result "0-1"]
[WhiteElo "2270"]
[BlackElo "2579"]
[TimeControl "180+1"]
[EndTime "10:40:45 PDT"]
[Termination "MightyGMpretender won by resignation"]

1. d4 Nf6 2. c4 e6 3. Nf3 d5 4. g3 dxc4 5. Bg2 Bb4+ 6. Bd2 a5 7. a3 Bxd2+ 8. Nbxd2 b5 9. O-O c6 10. Qc2 a4 11.
Rad1 O-O 12. e4 Bb7 13. e5 Nd5 14. Ne4 Nd7 15. Rfe1 Ba6 16. Neg5 g6 17. Qe4 h6 18.
Nxe6 Qe7 19. Nxf8 Nxf8 20. h4 Bc8 21. Qe2 Bf5 22. Qd2 Kg7 23. h5 g5 24. Nh2 Ne6 25. Be4 Bxe4 26. Rxe4 c3 27. bxc3 Qxa3 28. Rc1 Qe7 29.
Kh1 a3 30. f4 gxf4 31. gxf4 Qh4 32. Qg2+ Kh7 33. f5 Qg5 34. Ree1 Nef4 35. Qe4 Nh3 36. f6+ Kh8 37. Re2 a2 38. Rg2 Qxc1+ 0-1

[Event "*** Titled Tuesday Blitz"]
[Site "Chess.com"]
[Date "2020.05.05"]
[Round "4"]
[White "oskariot"]
[Black "Anastasia_Nesytova"]
[Result "1-0"]
[WhiteElo "2615"]
[BlackElo "2388"]
[TimeControl "180+1"]
[EndTime "10:40:46 PDT"]
[Termination "oskariot won by resignation"]

1. e4 c6 2. d4 d5 3. Nd2 dxe4 4. Nxe4 Bf5 5. Ng3 Bg6 6. c3 Nf6 7. Nh3 Nbd7 8. Bc4 Qc7 9. O-O e6 10. Nf4 Bd6 11. Qf3 e5 12. Nxg6 hxg6 13. Bg5 O-O-O 14.
Bxf7 Rdf8 15. Bxg6 Nh7 16. Qg4 Nxg5 17. Qxg5 exd4 18.
cxd4 Rf4 19. Rad1 Rfh4 20. h3 Bf4 21. Qe7 Bxg3 22. fxg3 Rxh3 23. Bf5 Rxg3 24. Bxd7+ Qxd7 25. Qxd7+ Kxd7 26. Rf7+ Kc8 27. Re1 Rd3 28. Ree7 Rxd4 29. Rc7+ Kd8 30. Rxb7 Rd1+ 31. Kf2 Ke8 32. Rxg7 Rd2+ 33.
Ke3 a5 34. Kxd2 1-0

[Event "*** Titled Tuesday Blitz"]
[Site "Chess.com"]
[Date "2020.05.05"]
[Round "4"]
[White "Khamrakulov_Djurabek"]
[Black "Kimster98"]
[Result "1-0"]
[WhiteElo "2817"]
[BlackElo "2528"]
[TimeControl "180+1"]
[EndTime "10:40:47 PDT"]
[Termination "Khamrakulov_Djurabek won by resignation"]

1. e4 c5 2. c3 Nf6 3. e5 Nd5 4.
d4 cxd4 5. Nf3 Nc6 6. cxd4 d6 7. Bc4 Nb6 8. Bb5 dxe5 9. Nxe5 Bd7 10. Nxd7 Qxd7 11. Nc3 a6 12. Bxc6 Qxc6 13. d5 Qd7 14. Qb3 Nc8 15. O-O g6 16. Ne4 Bg7 17. Nc5 Qc7 18. Qxb7 Qxb7 19. Nxb7 Rb8 20. Nc5 Bxb2 21. Rb1 Be5 22. Rxb8 Bxb8 23. Bb2 Rg8 24. Nxa6 Bd6 25. Bd4 e6 26. dxe6 fxe6 27. Nc5 e5 28. Be3 Rg7 29.
a4 Rc7 30. Ne4 Rc4 31. Nxd6+ Nxd6 32. Ra1 Rc6 33. g3 Kd7 34. Kg2 Ke6 35. Kf3 Ra6 36.
Ke2 Kd5 37. Kd3 Nc4 38. Kc3 Rc6 39. Kb4 Nxe3 40. fxe3 Ke4 41. Ra3 Kf3 42. a5 Rc8 43. a6 Kg2 44. a7 Ra8 45. e4 Kxh2 46.
Kc5 h5 47. Kd5 g5 48. Kxe5 h4 49. gxh4 gxh4 50. Kd6 h3 51. Kc6 Kg2 52. Kb7 Rxa7+ 53. Rxa7 h2 54. Ra2+ 1-0